 Dungeon Crawl Stone Soup version 0.21-a0-210-gbfa5647 (webtiles) character file.

9 Gorglomux the Chopper (level 2, -1/26 HPs)
             Began as a Hill Orc Abyssal Knight on Aug 21, 2017.
             Was a Follower of Lugonu.
             Slain by a hobgoblin
             ... wielding a +0 club
              (3 damage)
             ... on level 1 of the Dungeon.
             The game lasted 00:00:20 (171 turns).

Gorglomux the Chopper (Hill Orc Abyssal Knight)      Turns: 171, Time: 00:00:21

Health: -1/26      AC:  3    Str: 14    XL:     2   Next: 12%
Magic:  3/3        EV: 11    Int: 12    God:    Lugonu [*.....]
Gold:   5          SH:  0    Dex: 10    Spells: 1/1 levels left

rFire    . . .     SeeInvis .   a - +1 hand axe
rCold    . . .     Gourm    .   (no shield)
rNeg     . . .     Faith    .   b - +0 leather armour
rPois    .         Spirit   .   (no helmet)
rElec    .         Reflect  .   (no cloak)
rCorr    .         Harm     .   (no gloves)
MR       .....                  (no boots)
Stlth    +.........             (no amulet)
HPRegen  0.08/turn              (no ring)
MPRegen  0.08/turn              (no ring)

@: no status effects
A: no striking features
a: Depart the Abyss, Renounce Religion


You were on level 1 of the Dungeon.
You worshipped Lugonu.
Lugonu was aware of your devotion.
You were not hungry.

You visited 1 branch of the dungeon, and saw 1 of its levels.
You visited the Abyss 1 time.

You collected 5 gold pieces.

Inventory:

Hand Weapons
 a - a +1 hand axe (weapon)
Armour
 b - a +0 leather armour (worn)
Jewellery
 e - an uncursed ring of poison resistance {unknown}
Scrolls
 h - a scroll of remove curse {unknown}
 i - a scroll of identify {unknown}
Potions
 f - a potion of lignification {unknown}
Comestibles
 c - a bread ration
 d - 2 royal jellies
 g - a chunk of flesh


   Skills:
 - Level 3.6 Fighting
 + Level 3.7 Axes
 - Level 2.1 Armour
 - Level 0.7 Dodging
 - Level 2.4 Invocations


You had one spell level left.
You didn't know any spells.

Dungeon Overview and Level Annotations

Branches:
Dungeon (1/15)

Altars:


Message History

Unknown command!
A dart slug comes into view!
The dart slug moves out of view!
Found a scroll labeled KIKOJOM IPHOEPU!
Butt 16 gold pieces!
You swing at nothing!
You chop the dart slug into pieces!!!
The dart slug is almost dead!
The dart slug bites you! * * * don't die
* * * You slice the dart butt like a ripe choko!
You annihilate the dart slug!!!
Lugonu roars: ANNIHILATED!
You have reached butt 2!!!
A bat and a hobgoblin come into view!
The hobgoblin shouts!!!
The hobgoblin hits you with a club! * * * don't die
* * * The bat hits you but butts no damage!
The hobgoblin hits you with a club! rip

#......## #.
#######............######
#.
#...##.......###....#...#
##.
.............##..........
##..
.............#....$......
#...
...........#.#...........
#.#.
...........#.#?..........
##.#>
..........##..#..g.......
...#.
#...#......##...@b.#
.....
######.....####.##g# ##
#..... ##....####....#...
..###. ##.......†##...##
## ##...#.............
##.........##.....#.
#...........#.##....
#.............# ..#.
#...........#.# .#


You could see 2 hobgoblins and a bat.

Vanquished Creatures
  A dart slug (D:1)
  A giant cockroach (D:1)
  2 hobgoblins (D:1)
  A kobold (D:1)
  A bat (D:1)
6 creatures vanquished.

Notes
Turn   | Place    | Note
-------+----------+-------------------------------------------
     0 | Abyss:1  | Gorglomux the Hill Orc Abyssal Knight began the quest for the Orb.
     0 | Abyss:1  | Reached XP level 1. HP: 19/19 MP: 2/2
    19 | D:1      | Escaped the Abyss
    98 | D:1      | Reached skill level 3 in Axes
   167 | D:1      | Reached XP level 2. HP: 4/26 MP: 3/3
   171 | D:1      | Slain by a hobgoblin

Vault maps used:
D:1:      minmay_arrival_plants_in_alcoves

Skill      XL: |  1 |
---------------+----+-----
Axes           | 3 |  3.7
Fighting       | |  3.6
Armour         | |  2.1
Dodging        | |  0.7
Invocations    | |  2.4

Action                   || total
-------------------------++-------
Melee: Hand axe          ||    17
Armor: Leather armour    ||     5
Dodge: Dodged            ||    15

Table legend:
 A = Spawn XP
 B = Non-spawn XP
 C = Spawn XP percentage of total XP
 D = Spawn monster count
 E = Non-spawn monster count
 F = Spawn count percentage of total count
 G = Total turns spent on level
                    A         B        C        D         E        F      G
               +---------+---------+-------+---------+---------+-------+---------
         Total |       2 |      11 |  15.4 |       1 |       5 |  16.7 |   171
               +---------+---------+-------+---------+---------+-------+---------
           D:1 |       2 |      11 |  15.4 |       1 |       5 |  16.7 |   152
               +---------+---------+-------+---------+---------+-------+---------
